 Dungeon Crawl Stone Soup version 0.19.5 (webtiles) character file.

153 Peloso the Shield-Bearer (level 5, -10/46 HPs)
             Began as a Minotaur Fighter on Apr 18, 2017.
             Killed by divine providence
             ... invoked by an orc priest
              (12 damage)
             ... on level 3 of the Dungeon.
             The game lasted 00:03:52 (1384 turns).

Peloso the Shield-Bearer (Minotaur Fighter)         Turns: 1384, Time: 00:03:53

Health: -10/46     AC:  7    Str: 19 (20) XL:     5   Next: 12%
Magic:  4/4        EV:  7    Int:  4 (5)  God:
Gold:   139        SH:  9    Dex:  8 (11) Spells: 0 memorised, 4 levels left

rFire  . . .     SeeInvis .     a - +0 long sword
rCold  . . .     Gourm    .     b - +0 scale mail
rNeg   . . .     Faith    .     c - +0 shield
rPois  .         Spirit   .     (helmet restricted)
rElec  .         Reflect  .     (no cloak)
rCorr  .         Harm     .     (no gloves)
MR     .....                    (no boots)
Stlth  ..........               (no amulet)
                                (no ring)
                                (no ring)

@: no status effects
A: retaliatory headbutt, horns 2
a: no special abilities


You were on level 3 of the Dungeon.
You were not hungry.

You visited 1 branch of the dungeon, and saw 3 of its levels.

You collected 139 gold pieces.

Inventory:

Hand Weapons
 a - a +0 long sword (weapon)
Armour
 b - a +0 scale mail (worn)
 c - a +0 shield (worn)
Jewellery
 g - an uncursed ring of protection from magic {unknown}
Potions
 d - a potion of might
 i - a potion of heal wounds {unknown}
 j - 3 potions of lignification {unknown}
 l - a potion of haste {unknown}
Comestibles
 f - a bread ration
 h - 2 meat rations
 m - a slice of pizza


   Skills:
 + Level 4.2 Fighting
 + Level 4.2 Long Blades
 + Level 4.6 Armour
 + Level 0.9 Dodging
 + Level 4.7 Shields


You had 4 spell levels left.
You didn't know any spells.

Dungeon Overview and Level Annotations

Branches:
Dungeon (3/15)

Altars:
Cheibriados


Innate Abilities, Weirdness & Mutations

You reflexively headbutt those who attack you in melee.
You have a pair of horns on your head.


Message History

The orc wizard hits you with a dagger.
You hit the orc priest but do no damage.
You headbutt the orc priest, but do no damage.
The orc priest is severely wounded.
The orc priest invokes the aid of Beogh against you.
Pain shoots through your body!
* * * LOW HITPOINT WARNING * * *
You block the orc wizard's attack.
You closely miss the orc priest.
The orc priest is severely wounded.
The orc priest hits you with a hand axe.
* * * LOW HITPOINT WARNING * * *
The orc wizard hits you but does no damage.
Unknown command.
It was a potion of degeneration.
There was something very wrong with that liquid.
You feel weakened.
You feel dopey.
You feel clumsy.
The orc priest calls down the wrath of Beogh upon you.
Beogh smites you!
You die...

##### ....# #########
###.####.......###
.................#
.....###.........#
................##
.....#........).##
.......#........o#
.....###.###+###@####
.....##..# #o##.#
####.##..# #.##.####
... +.._..'.>.....##
## #######........##
#...o.....#
##....o....#
.............#
........ยง....#


You could see an orc priest and an orc wizard.

Vanquished Creatures
  Ijyb (D:2)
  4 adders
  2 oozes (D:2)
  A worm (D:2)
  A dart slug (D:3)
  A leopard gecko (D:2)
  2 orcs (D:3)
  10 bats
  2 giant cockroaches
  14 goblins
  13 hobgoblins
  3 jackals (D:2)
  A ball python (D:1)
  5 frilled lizards
  5 kobolds
  7 rats
72 creatures vanquished.

Notes
Turn   | Place    | Note
-------+----------+-------------------------------------------
     0 | D:1      | Peloso the Minotaur Fighter began the quest for the Orb.
     0 | D:1      | Reached XP level 1. HP: 19/19 MP: 0/0
   142 | D:1      | Reached XP level 2. HP: 27/27 MP: 1/1
   359 | D:1      | Reached XP level 3. HP: 33/33 MP: 2/2
   758 | D:2      | Noticed Ijyb
   771 | D:2      | Killed Ijyb
   771 | D:2      | Reached XP level 4. HP: 39/40 MP: 3/3
   798 | D:2      | Found a faded altar of an unknown god.
  1277 | D:3      | Reached XP level 5. HP: 46/46 MP: 4/4
  1352 | D:3      | Found a snail-covered altar of Cheibriados.
  1383 | D:3      | HP: 1/46 [orc priest/hand axe (6)]
  1384 | D:3      | Killed from afar by an orc priest

Skill      XL: |  1  2  3  4 |
---------------+-------------+-----
Long Blades    | 3 4 |  4.2
Armour         | 4 |  4.6
Shields        | 4 |  4.7
Fighting       | 4 |  4.2
Dodging        | |  0.9

Action                   |  1- 3 |  4- 6 || total
-------------------------+-------+-------++-------
Melee: Long sword        |    96 |    94 ||   190
       Headbutt          |    11 |    20 ||    31
  Use: Scroll            |       |     3 ||     3
       Potion            |       |     1 ||     1
  Eat: Chunk             |       |     2 ||     2
Armor: Scale mail        |    53 |    26 ||    79
Dodge: Dodged            |    27 |    20 ||    47
Block: Shield            |    58 |    47 ||   105
       Rpst.: Long sword |     7 |     8 ||    15
